 Dungeon Crawl Stone Soup version 0.29.1-13-g9f3cf754e1 (webtiles) character file.

Game seed: 12998598784607230049

10 viper7 the Grave Robber (level 2, -1/22 HPs)
             Began as a Ghoul Necromancer on Jan 21, 2023.
             Slain by a ball python (2 damage)
             ... on level 1 of the Dungeon.
             The game lasted 00:11:35 (255 turns).

viper7 the Grave Robber (Ghoul Necromancer)          Turns: 255, Time: 00:11:36

Health: -1/22      AC:  2    Str: 11    XL:     2   Next: 20%
Magic:  0/3        EV:  9    Int: 10    God:
Gold:   3          SH:  0    Dex:  9    Spells: 3/4 levels left

rFire   . . .      SeeInvis .   (no weapon)
rCold   + . .      Faith    .   (no shield)
rNeg    + + +      Spirit   .   a - +0 robe
rPois   ∞          Reflect  .   (no helmet)
rElec   .          Harm     .   (no cloak)
rCorr   .          Rampage  .   (no gloves)
Will    .....                   (no boots)
Stlth   ++........              (no amulet)
HPRegen 0.00/turn               (no ring)
MPRegen 0.08/turn               (no ring)

@: inhibited regen, constricted
A: claws 1, cold resistance 1, negative energy resistance 3, inhibited
regeneration, torment resistance 2, devour on kill
a: no special abilities


You were on level 1 of the Dungeon.
You visited 1 branch of the dungeon, and saw 1 of its levels.

You collected 3 gold pieces.

Inventory:

Armour
 a - a +0 robe (worn)
Potions
 b - a potion of magic
 c - a potion of degeneration {unknown}
 d - a potion of heal wounds {unknown}


   Skills:
 + Level 0.7 Fighting
 + Level 1.7 Dodging
 + Level 2.2 Stealth
 + Level 0.2 Unarmed Combat
 + Level 1.9 Spellcasting
 + Level 4.2 Necromancy


You had 3 spell levels left.
You knew the following spells:

 Your Spells              Type           Power      Damage    Failure   Level
a - Necrotise             Necr           36%        1d5       5%          1

Your spell library contained the following spells:

 Spells                   Type           Power      Damage    Failure   Level
 Vampiric Draining        Necr           9%         2d6       16%         3
 Animate Dead             Necr           9%         N/A       47%         4
 Agony                    Necr           9%         N/A       83%         5


Dungeon Overview and Level Annotations

Branches:
Dungeon (1/15)

Altars:


Innate Abilities, Weirdness & Mutations

You are immune to poison.
You have sharp fingernails.
Your flesh is cold resistant. (rC+)
You are immune to negative energy. (rN+++)
You do not regenerate when monsters are visible.
You are immune to unholy pain and torment.
You thrive by killing the living.


Message History

You don't have enough magic to cast this spell.
You don't have enough magic to cast this spell.
You don't have enough magic to cast this spell.
You don't have enough magic to cast this spell.
You don't have enough magic to cast this spell.
You don't have enough magic to cast this spell.
You don't have enough magic to cast this spell.
You don't have enough magic to cast this spell.
You don't have enough magic to cast this spell.
You don't have enough magic to cast this spell.
You don't have enough magic to cast this spell.
You don't have enough magic to cast this spell.
You don't have enough magic to cast this spell.
You don't have enough magic to cast this spell.
You don't have enough magic to cast this spell.
You don't have enough magic to cast this spell.
You don't have enough magic to cast this spell.
You don't have enough magic to cast this spell.
You don't have enough magic to cast this spell.
You don't have enough magic to cast this spell.
You don't have enough magic to cast this spell.
You don't have enough magic to cast this spell.
You don't have enough magic to cast this spell.
You don't have enough magic to cast this spell.
You don't have enough magic to cast this spell.
You closely miss the ball python.
The ball python is moderately wounded.
The ball python bites you but does no damage.
The ball python constricts you.
* * * LOW HITPOINT WARNING * * *
The goblin barely misses you.
You barely miss the ball python.
The ball python is moderately wounded.
The ball python barely misses you. The ball python constricts you.
* * * LOW HITPOINT WARNING * * *
You scratch the ball python but do no damage.
The ball python is moderately wounded.
The quokka barely misses you. The goblin barely misses you.
The ball python bites you.
You die...

......# .##.# r##
...##. ## ?.##......
#. [!.##..#.# #.
8!$.#..#.# #S##
)..#...#.# #..##rg##
(.##...#.#
#....@S##.##....#.####
######S..##...........
###....#####.####
###### ##...##
##....†## #........
##...>... ##....##
##.#.#


You could see a quokka, a goblin and 3 ball pythons.

Vanquished Creatures
  A dart slug (D:1)
  2 endoplasms (D:1)
  2 quokkas (D:1)
  A bat (D:1)
  2 rats (D:1)
8 creatures vanquished.

Notes
Turn   | Place    | Note
-------+----------+-------------------------------------------
     0 | D:1      | viper7 the Ghoul Necromancer began the quest for the Orb.
     0 | D:1      | Reached XP level 1. HP: 14/14 MP: 2/2
   198 | D:1      | Reached XP level 2. HP: 13/22 MP: 3/3
   254 | D:1      | HP: 1/22 [constriction (1)]
   255 | D:1      | Slain by a ball python

Illustrated notes

Levels and vault maps discovered:
D:1:      ebering_trefoil_twist, layout_loops_ring,
          shapermc_ecumenical_altar_mp_vishouse, minmay_heptomino_w4

Action                   || total
-------------------------++-------
Melee: Unarmed           ||    39
 Cast: Necrotise         ||     5
Armor: Robe              ||    10
Dodge: Dodged            ||    36
